 Dungeon Crawl Stone Soup version 0.26.1-11-gd32895ea62 (webtiles) character file.

Game seed: 4659295977866370742

99381 cykeltillsalu the Devastator (level 15, 0/92 HPs)
             Began as a Deep Elf Conjurer on July 27, 2021.
             Was the Champion of Ashenzari.
             Succumbed to a swamp dragon's poison gas
             ... on level 1 of the Swamp on July 28, 2021.
             The game lasted 02:32:17 (36948 turns).

cykeltillsalu the Devastator (Deep Elf Conjurer)   Turns: 36948, Time: 02:32:17

Health: 0/92       AC: 17    Str:  4    XL:     15   Next: 77%
Magic:  42/52      EV: 17    Int: 38    God:    Ashenzari [******]
Gold:   422        SH:  5    Dex: 13    Spells: 0/38 levels left

rFire    . . .     SeeInvis +   Z - +5 long sword of the Big Bang {flame, rElec rC+ rN+}
rCold    + . .     Faith    .   C - +0 buckler (curse)
rNeg     + . .     Spirit   .   f - +2 acid dragon scales (curse)
rPois    .         Reflect  .   H - +3 hat of Pondering {ponderous, Will+ MP+10 Int+5} (curse)
rElec    +         Harm     .   d - +2 cloak (curse)
rCorr    +         Rampage  .   G - +0 pair of gloves
Will     ++++.     Clarity  +   X - +0 pair of boots (curse)
Stlth    ++++......             a - amulet of regeneration (curse)
HPRegen  0.65/turn              e - ring of magical power (curse)
MPRegen  0.33/turn              P - ring of the Mage {Wiz Will++ Int+3}

@: lethally poisoned (0 -> -42), no potions, slow
A: no striking features
a: Renounce Religion, Curse Item, Scrying, Transfer Knowledge


You were on level 1 of the Swamp.
You worshipped Ashenzari.
Ashenzari was exalted by your worship.
You visited 5 branches of the dungeon, and saw 25 of its levels.
You also visited: Trove, Bailey and Gauntlet.

You collected 2360 gold pieces.
You spent 1938 gold pieces at shops.

Inventory:

Hand Weapons
 Z - the +5 long sword of the Big Bang (weapon) {flame, rElec rC+ rN+}
   (You found it on level 12 of the Dungeon)

   It has been specially enchanted to burn those struck by it, causing extra
   injury to most foes and up to half again as much damage against particularly
   susceptible opponents.
   Big, fiery blades are also staple armaments of hydra-hunters.
   It protects you from cold.
   It insulates you from electricity.
   It protects you from negative energy.
Missiles
 z - 25 poisoned darts
Armour
 d - a cursed +2 cloak (worn)
 f - cursed +2 acid dragon scales (worn)
 C - a cursed +0 buckler (worn)
 G - a +0 pair of gloves (worn)
 H - the cursed +3 hat of Pondering (worn) {ponderous, Will+ MP+10 Int+5}
   (You bought it in a shop on level 2 of the Orcish Mines)

   It affects your intelligence (+5).
   It affects your willpower, your defense against some magical effects.
   It affects your magic capacity (+10).
   It has a curse placed upon it.
 X - a cursed +0 pair of boots (worn)
Magical Staves
 R - an uncursed staff of cold
Jewellery
 a - a cursed amulet of regeneration (around neck)
 e - a cursed ring of magical power (left hand)
 B - an uncursed ring of poison resistance
 M - an uncursed ring of positive energy
 P - the ring of the Mage (right hand) {Wiz Will++ Int+3}
   (You found it in a Gauntlet)

   [ring of wizardry]

   It improves your spell success rate.
   It affects your intelligence (+3).
   It affects your willpower, your defense against some magical effects.
 T - an uncursed ring of resist corrosion
 V - the ring of Dawn {rC+ rN+ Stlth+}
   (You found it on level 6 of the Lair of Beasts)

   [ring of positive energy]

   It protects you from cold.
   It protects you from negative energy.
   It makes you more stealthy.
Wands
 b - a wand of polymorph (4)
 h - a wand of disintegration (9)
 y - a wand of flame (24)
 I - a wand of iceblast (27)
 O - a wand of paralysis (24)
 S - a wand of digging (2)
 W - a wand of enslavement (12)
Scrolls
 c - 2 scrolls of remove curse
 i - 5 scrolls of amnesia
 l - 4 scrolls of teleportation
 n - a scroll of identify
 p - 2 scrolls of fear
 q - a scroll of noise
 t - 4 scrolls of enchant weapon
 w - 3 scrolls of immolation
 D - a scroll of magic mapping
 E - 2 scrolls of fog
 F - 2 scrolls of holy word
 U - a scroll of vulnerability
Potions
 g - 4 potions of might
 j - 6 potions of flight
 k - 7 potions of lignification
 m - 7 potions of heal wounds
 o - 3 potions of resistance
 r - 10 potions of curing
 v - 8 potions of attraction
 A - 4 potions of ambrosia
 J - 4 potions of brilliance
 L - a potion of magic {unknown}
Miscellaneous
 s - a condenser vane
 N - a box of beasts


   Skills:
 - Level 10.3 Fighting
 - Level 1.4 Long Blades
 - Level 4.0 Armour
 - Level 12.3(15.0) Dodging
 - Level 7.0(10.1) Stealth
 - Level 4.0(6.8) Shields
 - Level 12.0 Spellcasting
 - Level 16.0(18.5) Conjurations
 - Level 9.2(12.1) Hexes
 + Level 11.3(14.0) Ice Magic
 - Level 7.2(10.3) Air Magic
 - Level 2.0(4.2) Evocations


You couldn't memorise any spells.
You knew the following spells:

 Your Spells              Type           Power        Failure   Level
a - Magic Dart            Conj           100%         0%          1
b - Searing Ray           Conj           100%         0%          2
c - Iskenderun's Battles  Conj           100%         1%          5
d - Orb of Destruction    Conj           52%          1%          7
e - Spellforged Servitor  Conj/Summ      38%          26%         7
h - Fulminant Prism       Conj/Hex       48%          1%          4
n - Ozocubu's Refrigerat  Ice            46%          1%          6
t - Freezing Cloud        Conj/Ice/Air   46%          1%          6

Your spell library contained the following spells:

 Spells                   Type           Power        Failure   Level
 Shock                    Conj/Air       100%         0%          1
 Dazzling Flash           Conj/Hex       100%         0%          3
 Animate Skeleton         Necr           50%          1%          1
 Apportation              Tloc           50%          1%          1
 Corona                   Hex            95%          1%          1
 Summon Small Mammal      Summ           100%         1%          1
 Call Imp                 Summ           25%          1%          2
 Passwall                 Tmut/Erth      20%          1%          2
 Poisonous Vapours        Pois/Air       100%         1%          2
 Confusing Touch          Hex            86%          1%          3
 Summon Guardian Golem    Hex/Summ       63%          1%          3
 Ice Form                 Ice/Tmut       67%          1%          4
 Iskenderun's Mystic Bla  Conj/Tloc      76%          1%          4
 Summon Ice Beast         Ice/Summ       67%          1%          4
 Summon Lightning Spire   Summ/Air       59%          1%          4
 Metabolic Englaciation   Hex/Ice        44%          1%          5
 Silence                  Hex/Air        41%          1%          5
 Bolt of Magma            Conj/Fire/Erth 32%          3%          5
 Yara's Violent Unravell  Hex/Tmut       31%          3%          5
 Call Canine Familiar     Summ           25%          4%          3
 Gell's Gravitas          Tloc           12%          4%          3
 Iron Shot                Conj/Erth      38%          4%          6
 Simulacrum               Ice/Necr       33%          12%         6
 Animate Dead             Necr           12%          13%         4
 Petrify                  Tmut/Erth      25%          13%         4
 Alistair's Intoxication  Tmut/Pois      16%          32%         5
 Borgnjor's Vile Clutch   Necr/Erth      12%          32%         5
 Death Channel            Necr           12%          86%         6


Dungeon Overview and Level Annotations

Branches:
Dungeon (15/15)            Temple (0/1) D:4            Lair (6/6) D:11
  Swamp (1/4) Lair:3       Spider (1/4) Lair:2        Slime (0/5) Lair:5
    Orc (2/2) D:10            Elf (0/3) Orc:2        Vaults (0/5) D:13
 Depths (0/5) D:15         Bailey (visited)         Gauntlet (visited)

Altars:
Ashenzari
Nemelex Xobeh
Qazlal
Wu Jian
Xom
Zin
Beogh
Jiyva

Shops:
D:4 !   D:11 *   D:12 *   Orc:2 :[[([

Annotations:
Lair:6 1 runed translucent door
Spider:1 Asterion


Message History

* * * LOW HITPOINT WARNING * * *
The vampire mosquito draws strength from your injuries!
Unknown command.
Unknown command.
Unknown command.
You cannot drink potions in your current state!
Unknown command.
You cannot drink potions in your current state!
Okay, then.
Aiming: Paralyse
Press: ? - help, Shift-Dir - straight line, f - vampire mosquito
Aim: a vampire mosquito (chance to affect: 58%)
The vampire mosquito suddenly stops moving!
* * * LOW HITPOINT WARNING * * *
You feel very sick.
The eleionoma melds with the trees.
Okay, then.
You cannot drink potions in your current state!
Unknown command.
You die...

, ≈ ≈ ≈, ≈≈≈ , , * ,,
≈ ** , ∆ ≈....# ∆ ∆
,, , , ≈≈≈ * , ,
≈≈..# *** * ,,, ≈≈ ,
, , ,≈ , ≈≈..# , ,,,,
, , *, ,≈..#, ∆ {,,
,,≈ , ,,≈ , ≈ ≈w°.# ,
,* ≈≈ , ≈≈ ≈≈,, ,
♣♣♣°°# ,{ ≈, * ≈ ≈ ≈
≈..≈ ♣♣♣°♣.○####..
,,,, ≈≈≈ ≈
.≈≈.♣...y@.°°..≈≈ ≈
≈≈
≈≈≈,≈≈≈≈........○..§≈
,,** , *
≈≈≈.≈R<..°≈.≈≈≈≈≈≈≈≈
* * ,≈ ,
≈,≈..§♣..≈.°.≈≈≈≈≈ ≈
, ,,
,,,≈♣♣♣D...≈≈≈≈≈§.w ,
* ,, , ,
,.......≈≈≈≈D.♣ **,
,≈ , ≈
≈≈.......≈≈.♣♣♣ * ,
≈≈≈≈≈≈.....≈≈♣♣ ,
..≈≈≈.≈.......♣


You could see an eleionoma, 2 swamp dragons, 2 tyrant leeches and a vampire
mosquito (paralysed).

Vanquished Creatures
  Rupert (Lair:6)
  Louise (D:14)
  2 orc warlords (Orc:2)
  Azrael (D:12)
  Nessos (D:14)
  A minotaur (Gauntlet)
  An ettin (D:15)
  Josephine (D:10)
  7 hydras
  2 boulder beetles
  2 vault guards (D:13)
  6 centaur warriors
  5 two-headed ogres
  11 death yaks
  2 ogre magi (D:15)
  An orc high priest (Orc:2)
  A swamp dragon (Lair:3)
  A hell knight (D:15)
  4 unseen horrors
  A wizard (D:13)
  2 orc knights (Orc:2)
  A lindwurm (Lair:6)
  2 necromancers
  14 ugly things
  A shining eye (shapeshifter) (Gauntlet)
  A wolf spider (shapeshifter) (Gauntlet)
  A cyclops (D:13)
  A will-o-the-wisp (Swamp:1)
  A deep elf mage (D:15)
  An orc sorcerer (Orc:2)
  4 elephants (Lair:2)
  A centaur zombie (D:13)
  3 black mambas
  6 torpor snails
  4 cane toads
  3 gargoyles
  8 komodo dragons
  A kobold demonologist (D:14)
  3 rime drakes
  3 efreet
  2 yaktaurs (D:13)
  3 jumping spiders
  6 trolls
  3 polar bears
  4 tyrant leeches (Lair:6)
  8 hornets
  7 blink frogs
  4 dream sheep (Lair:4)
  7 wraiths
  7 redbacks (Lair:2)
  5 basilisks
  8 wyverns
  A vampire (D:13)
  2 fire elementals (D:12)
  35 yaks
  18 humans
  8 vampire mosquitoes
  2 acid dragons
  3 wargs (Orc:2)
  11 water moccasins
  Duvessa (D:5)
  4 hell hounds (D:12)
  4 sky beasts
  48 orc warriors
  3 ice beasts
  A black bear (shapeshifter) (D:14)
  4 black bears
  2 necrophages
  5 phantoms
  2 eyes of draining (D:10)
  19 ogres
  49 wolves
  5 centaurs
  4 boggarts (Lair:6)
  4 big kobolds
  2 wyvern zombies
  20 bullfrogs
  A water moccasin zombie (D:7)
  A water moccasin skeleton (D:9)
  A hornet simulacrum (Gauntlet)
  10 scorpions
  Dowan (D:5)
  5 killer bees (D:8)
  7 howler monkeys
  7 wights
  10 electric eels (D:8)
  2 bullfrog zombies
  2 quasits
  15 orc priests
  A wyvern simulacrum (Gauntlet)
  7 hounds
  A bullfrog skeleton (D:5)
  8 centaur skeletons
  4 jellies
  5 iguanas
  32 orc wizards
  A hell rat (D:11)
  14 worker ants
  A killer bee zombie (D:8)
  A bullfrog simulacrum (Gauntlet)
  3 hound zombies
  A worker ant zombie (D:11)
  A howler monkey zombie (D:9)
  14 adders
  A gnoll (D:7)
  2 shadow imps
  3 white imps
  2 ufetubi
  An ooze (D:4)
  An adder zombie (D:5)
  2 worms
  5 dart slugs
  3 leopard geckos
  112 orcs
  4 ball pythons
  9 bats
  7 giant cockroaches
  10 goblins
  11 hobgoblins
  9 jackals
  8 quokkas
  3 frilled lizards
  A jackal zombie (D:7)
  16 kobolds
  A quokka skeleton (D:7)
  9 rats
810 creatures vanquished.

Vanquished Creatures (others)
  A kobold (D:11)
  13 demonic plants (Gauntlet)
  2 foxfires (Swamp:1)
  412 fulminant prisms
  62 fungi
  63 plants
553 creatures vanquished.

Grand Total: 1363 creatures vanquished

Notes
Turn   | Place    | Note
-------+----------+-------------------------------------------
     0 | D:1      | cykeltillsalu the Deep Elf Conjurer began the quest for the
                  | Orb.
     0 | D:1      | Reached XP level 1. HP: 10/10 MP: 6/6
   259 | D:1      | Reached XP level 2. HP: 15/15 MP: 6/8
   264 | D:1      | Reached skill level 5 in Conjurations
   275 | D:1      | Learned a level 2 spell: Searing Ray
   775 | D:1      | Reached skill level 1 in Fighting
   778 | D:1      | Reached XP level 3. HP: 20/20 MP: 4/9
  1294 | D:2      | Found a broken altar of Ashenzari.
  1313 | D:2      | Became a worshipper of Ashenzari the Shackled
  1432 | D:2      | Reached XP level 4. HP: 26/26 MP: 10/10
  1465 | D:2      | Learned a level 4 spell: Fulminant Prism
  1472 | D:2      | Found a shimmering altar of Xom.
  1575 | D:2      | Found a stormy altar of Qazlal.
  1905 | D:2      | Noticed a centaur
  2070 | D:3      | Reached skill level 1 in Hexes
  2145 | D:3      | Noticed an ogre
  2410 | D:3      | Found Zin's Purification Station.
  2419 | D:3      | Found a glowing silver altar of Zin.
  2424 | D:3      | Bought a potion of curing for 90 gold pieces
  2738 | D:3      | Reached XP level 5. HP: 30/30 MP: 11/11
  3107 | D:3      | Reached skill level 6 in Conjurations
  3332 | D:4      | Found a sparkling altar of Nemelex Xobeh.
  3335 | D:4      | Reached * piety under Ashenzari
  3445 | D:4      | Found Teqeutaq's Distillery.
  3533 | D:4      | Bought a potion of heal wounds for 50 gold pieces
  3555 | D:4      | Found a staircase to the Ecumenical Temple.
  3563 | D:4      | Reached XP level 6. HP: 35/35 MP: 12/12
  3928 | D:4      | Reached skill level 7 in Conjurations
  4154 | D:5      | Entered Level 5 of the Dungeon
  4339 | D:5      | Noticed an orc warrior
  4345 | D:5      | Killed an orc warrior
  4346 | D:5      | Reached XP level 7. HP: 27/40 MP: 13/13
  4691 | D:5      | Reached skill level 8 in Conjurations
  4721 | D:5      | Reached skill level 5 in Hexes
  4794 | D:5      | Noticed Duvessa
  4794 | D:5      | Noticed Dowan
  4800 | D:5      | Killed Dowan
  4803 | D:5      | Killed Duvessa
  4804 | D:5      | Reached skill level 5 in Spellcasting
  5046 | D:5      | Reached XP level 8. HP: 45/45 MP: 18/18
  5947 | D:6      | Reached skill level 9 in Conjurations
  6258 | D:6      | Reached skill level 10 in Conjurations
  6267 | D:6      | Reached XP level 9. HP: 52/52 MP: 19/20
  6311 | D:6      | Reached skill level 5 in Fighting
  7007 | D:7      | Reached skill level 5 in Dodging
  7326 | D:7      | Reached skill level 1 in Shields
  8384 | D:8      | Reached skill level 1 in Evocations
  8384 | D:8      | Reached XP level 10. HP: 54/60 MP: 21/21
  9125 | D:8      | Found an ornate altar of the Wu Jian Council.
  9341 | D:8      | Reached ** piety under Ashenzari
  9847 | D:9      | Found a flagged portal.
 10029 | Bailey   | Entered a bailey
 11210 | D:10     | Entered Level 10 of the Dungeon
 11534 | D:10     | Found a staircase to the Orcish Mines.
 11671 | D:10     | Noticed a gargoyle
 11677 | D:10     | Killed a gargoyle
 11922 | D:10     | Reached XP level 11. HP: 66/66 MP: 26/26
 12173 | D:11     | Noticed Josephine
 12264 | D:10     | Killed Josephine
 12521 | D:11     | Noticed a death yak
 12755 | D:10     | Reached skill level 10 in Spellcasting
 13229 | D:11     | Noticed a death yak
 13324 | D:11     | Noticed a death yak
 13382 | D:11     | Found a staircase to the Lair.
 13391 | Lair:1   | Entered Level 1 of the Lair of Beasts
 13595 | Lair:1   | Noticed a six-headed hydra
 13660 | Lair:1   | Reached *** piety under Ashenzari
 13816 | Lair:1   | Noticed a five-headed hydra
 13829 | Lair:1   | Noticed a five-headed hydra
 13849 | Lair:1   | Killed a five-headed hydra
 13850 | Lair:1   | Reached skill level 11 in Conjurations
 13875 | Lair:1   | Killed a six-headed hydra
 14083 | Lair:1   | Killed a five-headed hydra
 14084 | Lair:1   | Reached skill level 10 in Dodging
 14893 | Lair:2   | Reached XP level 12. HP: 73/73 MP: 19/28
 15371 | Lair:2   | Reached skill level 12 in Conjurations
 15600 | Lair:2   | Found a hole to the Spider Nest.
 15791 | Lair:2   | Reached **** piety under Ashenzari
 16271 | Lair:3   | Noticed a four-headed hydra
 16389 | Lair:3   | Found a gate leading to a gauntlet.
 16399 | Gauntlet | Entered a Gauntlet
 16399 | Gauntlet | Found a transporter.
 16481 | Gauntlet | Found a transporter.
 16492 | Gauntlet | Found a transporter.
 16497 | Gauntlet | Found a transporter.
 16497 | Gauntlet | Noticed a balrug
 16513 | Gauntlet | Identified the ring "Kohem" {*Corrode Int+2 Dex+7 SInv}
 16516 | Gauntlet | Found a transporter.
 16528 | Gauntlet | Found a transporter.
 16543 | Gauntlet | Found a transporter.
 16555 | Gauntlet | Found a transporter.
 16567 | Gauntlet | Found a transporter.
 16575 | Gauntlet | Noticed a death yak
 16575 | Gauntlet | Noticed a death yak
 16576 | Gauntlet | Noticed a death yak
 16579 | Gauntlet | Found a transporter.
 16598 | Gauntlet | Found a transporter.
 16613 | Gauntlet | Found a transporter.
 16615 | Gauntlet | Found a transporter.
 16643 | Gauntlet | Found a transporter.
 16643 | Gauntlet | Found a transporter.
 16662 | Gauntlet | Found the ring of the Mage {Wiz Will++ Int+3}
 16663 | Gauntlet | Found a transporter.
 16747 | Gauntlet | Found a transporter.
 16828 | Gauntlet | Noticed a satyr
 16828 | Gauntlet | Noticed an anaconda
 16828 | Gauntlet | a satyr changed into an anaconda
 16871 | Gauntlet | Noticed a great orb of eyes
 16929 | Gauntlet | Found a transporter.
 16936 | Gauntlet | Noticed a five-headed hydra
 16936 | Gauntlet | a swamp worm changed into a five-headed hydra
 16949 | Gauntlet | an anaconda changed into a wolf spider
 16955 | Gauntlet | Reached skill level 5 in Stealth
 17064 | Gauntlet | Killed a death yak
 17072 | Gauntlet | Killed a death yak
 17075 | Gauntlet | Killed a death yak
 17213 | Gauntlet | Got the uncursed cloak "Acidwa" {*Slow Str+6}
 17253 | Gauntlet | Noticed a minotaur
 17267 | Gauntlet | Killed a minotaur
 17401 | Lair:3   | Reached skill level 13 in Conjurations
 17539 | Lair:3   | Killed a four-headed hydra
 18017 | Lair:3   | Found a staircase to the Swamp.
 18422 | Lair:4   | Reached XP level 13. HP: 78/78 MP: 31/31
 18516 | Lair:4   | Reached skill level 14 in Conjurations
 19402 | Lair:4   | Reached skill level 15 in Conjurations
 20041 | Lair:5   | Reached ***** piety under Ashenzari
 20439 | Lair:5   | Found a viscous altar of Jiyva.
 20443 | Lair:5   | Found a staircase to the Slime Pits.
 20449 | Lair:5   | Identified the Guide on Toxic Changing
 21840 | D:10     | Reached skill level 1 in Long Blades
 22376 | D:11     | Found Kitsiyp's Elemental Accessories.
 22385 | D:11     | Bought the Compendium of Lightness for 780 gold pieces
 22392 | D:11     | Learned a level 6 spell: Freezing Cloud
 22933 | Lair:6   | Entered Level 6 of the Lair of Beasts
 22976 | Lair:6   | Noticed Rupert
 22978 | Lair:6   | Reached skill level 1 in Ice Magic
 22987 | Lair:5   | Reached skill level 1 in Air Magic
 23527 | Lair:6   | Killed Rupert
 23528 | Lair:6   | Reached XP level 14. HP: 86/86 MP: 27/32
 24073 | Lair:6   | Identified the ring of Dawn {rC+ rN+ Stlth+}
 24503 | Lair:6   | Found a runed translucent door.
 24697 | Lair:6   | Reached skill level 5 in Ice Magic
 24794 | Lair:6   | Reached skill level 5 in Air Magic
 25740 | D:12     | Got the long sword of the Big Bang {flame, rElec rC+ rN+}
 25746 | D:12     | Identified the +5 long sword of the Big Bang {flame, rElec
                  | rC+ rN+} (You found it on level 12 of the Dungeon)
 25755 | D:12     | Found Elupha's Assorted Antiques.
 25803 | D:12     | Bought a scroll of remove curse for 66 gold pieces
 25812 | D:12     | Noticed Azrael
 25828 | D:12     | Killed Azrael
 26639 | D:12     | Found a portal to a secret trove of treasure.
 28314 | D:13     | Identified the +4 mace of a sewer {vorpal, *Corrode +Fly
                  | Int+3}
 28322 | D:13     | Reached skill level 1 in Armour
 28600 | D:13     | Found a gate to the Vaults.
 28868 | D:14     | Found a broken altar of Ashenzari.
 29131 | D:14     | Found a stormy altar of Qazlal.
 29366 | D:14     | Noticed Nessos
 29373 | D:14     | Killed Nessos
 29563 | D:14     | Noticed Louise
 29580 | D:14     | Killed Louise
 29699 | D:14     | Found a sparkling altar of Nemelex Xobeh.
 29772 | D:14     | Reached XP level 15. HP: 91/91 MP: 32/33
 30277 | D:15     | Entered Level 15 of the Dungeon
 30576 | D:11     | Identified the +0 cloak "Acidwa" {*Slow Str+6} (You found
                  | it in a Gauntlet)
 30611 | Orc:1    | Entered Level 1 of the Orcish Mines
 30837 | Orc:1    | Reached ****** piety under Ashenzari
 30949 | Orc:2    | Entered Level 2 of the Orcish Mines
 31049 | Orc:2    | Found a staircase to the Elven Halls.
 31183 | Orc:2    | Noticed an orc warlord
 31227 | Orc:1    | Found a roughly hewn altar of Beogh.
 31878 | Orc:2    | Killed an orc warlord
 31911 | Orc:2    | Reached skill level 16 in Conjurations
 32055 | Orc:2    | Found a roughly hewn altar of Beogh.
 32058 | Orc:2    | Found Ugamawn's Antique Armour Shoppe.
 32066 | Orc:2    | Bought the +3 hat of Pondering {ponderous, Will+ MP+10
                  | Int+5} for 952 gold pieces
 32066 | Orc:2    | Found the +3 hat of Pondering {ponderous, Will+ MP+10
                  | Int+5}
 32462 | Orc:2    | Found a roughly hewn altar of Beogh.
 32479 | Orc:2    | Found a roughly hewn altar of Beogh.
 32726 | Orc:2    | Noticed an orc warlord
 32750 | Orc:2    | Killed an orc warlord
 32751 | Orc:2    | Reached skill level 10 in Fighting
 32974 | Orc:2    | Found Zuasuh's Antique Armour Emporium.
 32975 | Orc:2    | Found a roughly hewn altar of Beogh.
 32978 | Orc:2    | Found Suprit's Antique Weapon Shoppe.
 33095 | Orc:2    | Found a roughly hewn altar of Beogh.
 33114 | Orc:2    | Found Xajing's Armour Shop.
 33745 | Orc:2    | Found a roughly hewn altar of Beogh.
 33833 | Orc:2    | Found Lismi's Book Shoppe.
 33856 | Orc:2    | Found a roughly hewn altar of Beogh.
 34276 | Spider:1 | Entered Level 1 of the Spider Nest
 34353 | Spider:1 | Noticed Asterion
 34399 | Lair:2   | Learned a level 6 spell: Ozocubu's Refrigeration
 35054 | D:14     | Learned a level 5 spell: Iskenderun's Battlesphere
 35062 | D:14     | Learned a level 7 spell: Orb of Destruction
 35070 | D:14     | Learned a level 7 spell: Spellforged Servitor
 35514 | D:15     | Reached skill level 10 in Ice Magic
 35964 | D:12     | You paid a toll of a +5 demon whip to enter a treasure
                  | trove
 35965 | Trove    | Entered a treasure trove
 36005 | Trove    | Found the cursed +8 longbow "Zephyr" {speed, Dex+3 SInv}
 36021 | Trove    | Got the cursed double sword "Concordance" {elec, rN+ Str+3
                  | Dex+5}
 36025 | Trove    | Got the cursed lajatang of Linearity {vorpal, *Contam rElec
                  | Int+5}
 36497 | D:15     | Found a staircase to the Depths.
 36940 | Swamp:1  | Entered Level 1 of the Swamp
 36947 | Swamp:1  | HP: 4/92 [poisoned by a swamp dragon (poison gas)]
 36948 | Swamp:1  | Succumbed to a swamp dragon's poison gas

Illustrated notes

Levels and vault maps discovered:
D:1:      saegor_arrival_simple_c, layout_rooms
D:2:      layout_basic, old_standard_altar, lemuel_crystal_altar,
          old_standard_altar, hex_large
D:3:      layout_basic, zin_purify, grunt_ministairs_3
D:4:      layout_basic, nemelex_altar_shiori, minmay_temple_entry_mist,
          serial_shops, shop
D:5:      layout_basic, roderic_lattice_a, minmay_misc_feat_doors,
          kennysheep_generic_room_5, uniq_duvessa
D:6:      layout_basic
D:7:      minmay_angry_zag, layout_basic
D:8:      layout_basic, old_standard_altar, kennysheep_boxes
D:9:      layout_long_grid, enter_bailey_2
D:10:     layout_basic, orc_0_dummy, kennysheep_path_1, hangedman_decor_lopped
D:11:     layout_big_octagon, dpeg_lair_monsters, minmay_misc_feat_cross,
          nicolae_elemental_shop, eino_small_chamber_without_monster,
          hangedman_decor_opposing, uniq_josephine
D:12:     layout_roguey, serial_shops, shop, enter_trove_3,
          chequers_serial_rivers_large_a, nicolae_two_hexagons, uniq_azrael
D:13:     layout_gridville, grunt_vaults_entry_tiered
D:14:     layout_gridville, evilmike_ruin_ashenzari, basic_altar,
          nicolae_qazlal_style_of_elements, uniq_louise, uniq_nessos
D:15:     hangedman_depths_entry_civil_slaughter, layout_cave_pools,
          dk_noncrumbling_4
Lair:1:   layout_gridlike, beast_lair_carwin_4, lemuel_fruit_fields
Lair:2:   layout_layer_cave, nicolae_spider_entry_tight_spaces
Lair:3:   layout_roguey, minmay_swamp_entry_reptiles, gauntlet_entry_generic,
          grunt_megastairs_1, infiniplex_staircase_pool_2
Lair:4:   wander_river, layout_hall_layers, grunt_forest_large_clearings
Lair:5:   layout_long_grid, slime_altar_1, grunt_megastairs_2
Lair:6:   wormcave, layout_long_grid, kilobyte_rumbling_trees, uniq_rupert
Swamp:1:  layout_basic_swamp, evilmike_swamp_ruin_house_5
Spider:1: layout_spider_delve, drop_trap, uniq_asterion
Orc:1:    layout_caves, basic_altar
Orc:2:    grunt_orc_community_town_hall, layout_caves,
          grunt_orc_community_big_house_1, grunt_orc_community_big_house_2,
          grunt_orc_community_house_1, grunt_orc_community_house_3,
          grunt_orc_community_house_1, grunt_orc_community_house_2,
          grunt_orc_community_house_2, serial_shops, shop,
          nicolae_orc_damp_corner

Skill      XL: |  1  2  3  4  5  6  7  8  9 10 11 12 13 14 15 |
---------------+----------------------------------------------+-----
Conjurations   | 5 6 7 8 10 11 13 15 16 | 16.0
Stealth        | 3 7 |  7.0
Fighting       | 1 2 4 6 8 9 10 | 10.3
Hexes          | 1 3 4 5 6 8 9 |  9.2
Spellcasting   | 5 6 9 10 12 | 12.0
Dodging        | 3 6 7 10 11 12 | 12.3
Shields        | 3 4 |  4.0
Evocations     | 1 2 |  2.0
Long Blades    | 1 |  1.4
Ice Magic      | 3 7 11 | 11.3
Air Magic      | 3 7 |  7.2
Armour         | 2 4 |  4.0

Action                   |  1- 3 |  4- 6 |  7- 9 | 10-12 | 13-15 || total
-------------------------+-------+-------+-------+-------+-------++-------
Melee: Dagger            |     2 |       |    11 |    53 |     9 ||    75
       Long sword        |       |       |       |       |   118 ||   118
       Staff             |       |       |       |       |     6 ||     6
 Cast: Magic Dart        |    74 |    84 |    48 |    66 |   119 ||   391
       Searing Ray       |     1 |    22 |    41 |    47 |   108 ||   219
       Fulminant Prism   |       |       |    60 |   187 |   166 ||   413
       Freezing Cloud    |       |       |       |       |   201 ||   201
       Ozocubu's Refrige |       |       |       |       |    35 ||    35
       Iskenderun's Batt |       |       |       |       |     1 ||     1
Invok: Curse Item        |       |       |     2 |     1 |     3 ||     6
       Scrying           |       |       |       |     1 |     3 ||     4
Evoke: Wand              |       |       |     1 |     4 |    18 ||    23
       Condenser vane    |       |       |       |       |     1 ||     1
  Use: Scroll            |       |     2 |     2 |    13 |    15 ||    32
       Potion            |       |       |       |     2 |     2 ||     4
 Stab: Distracted        |       |       |       |       |     1 ||     1
       Sleeping          |       |       |       |       |     1 ||     1
Armor: Robe              |     4 |     1 |    17 |     1 |       ||    23
       Acid dragon scale |       |       |       |    30 |   100 ||   130
Dodge: Dodged            |    10 |     7 |    35 |    98 |   262 ||   412
Block: Buckler           |       |       |     1 |    19 |   112 ||   132
       Rpst.: Long sword |       |       |       |       |    59 ||    59
